 Dungeon Crawl Stone Soup version 0.21.1-1-g345015f (webtiles) character file.

113 plastic the Grasshopper (level 4, -5/35 HPs)
             Began as a Barachi Warper on July 13, 2018.
             Splashed by a jelly's acid (9 damage)
             ... on level 2 of the Dungeon.
             The game lasted 00:08:09 (2309 turns).

plastic the Grasshopper (Barachi Warper)            Turns: 2309, Time: 00:08:11

Health: -5/35      AC: -11   Str: 12    XL:     4   Next: 96%
Magic:  7/7        EV: 12    Int: 15    God:
Gold:   79         SH:  0    Dex: 11    Spells: 1/8 levels left

rFire    . . .     SeeInvis .   a - +0 falchion
rCold    . . .     Gourm    .   (no shield)
rNeg     . . .     Faith    .   b - +0 leather armour
rPois    .         Spirit   .   (no helmet)
rElec    .         Reflect  .   n - +0 cloak
rCorr    .         Harm     .   (no gloves)
MR       .....                  (no boots)
Stlth    +.........             (no amulet)
HPRegen  0.11/turn              (no ring)
MPRegen  0.10/turn              (no ring)

@: corroded, slow
A: +LOS, swims, slowness 1, strong legs 1
a: Hop


You were on level 2 of the Dungeon.
You were not hungry.

You visited 1 branch of the dungeon, and saw 2 of its levels.

You collected 79 gold pieces.

Inventory:

Hand Weapons
 a - a +0 falchion (weapon)
Missiles
 e - 4 tomahawks of dispersal (quivered)
Armour
 b - a +0 leather armour (worn)
 n - a +0 cloak (worn)
 p - a +0 ring mail
Scrolls
 d - a scroll of blinking
 j - a scroll of teleportation {unknown}
 l - a scroll of remove curse {unknown}
 o - 2 scrolls of magic mapping
Potions
 h - a potion of mutation
 i - a potion of curing
 k - a potion of berserk rage {unknown}
 q - a potion of lignification {unknown}
Books
 c - a book of Spatial Translocations

   Spells                             Type                      Level
   a - Blink                          Translocation                2
   b - Shroud of Golubria             Charms/Translocation         2
   c - Lesser Beckoning               Translocation                3
   d - Gell's Gravitas                Translocation                3
   e - Teleport Other                 Translocation                3
   f - Passage of Golubria            Translocation                4


   Skills:
 + Level 3.1 Fighting
 * Level 3.7 Long Blades
 + Level 1.8 Throwing
 + Level 1.9 Armour
 + Level 2.8 Dodging
 - Level 2.5 Spellcasting
 * Level 3.8 Translocations


You had one spell level left.
You knew the following spells:

 Your Spells              Type           Power        Failure   Level  Hunger
a - Blink                 Tloc           N/A          9%          2    ###....
b - Shroud of Golubria    Chrm/Tloc      #.........   19%         2    ###....
c - Gell's Gravitas       Tloc           ##........   17%         3    ###....


Dungeon Overview and Level Annotations

Branches:
Dungeon (2/15)

Altars:
Kikubaaqudgha


Innate Abilities, Weirdness & Mutations

Shadows flee at your approach. (+LOS)
You can swim through water.
You cover ground slowly.
You can hop short distances.


Message History

The jelly barely misses you. The jelly hits you. The acid corrodes you!
You are splashed with acid!
The acid burns!
You hit the jelly.
Your hands burn!
The jelly is heavily wounded.
The jelly closely misses you.
You are too injured to fight recklessly!
You are too injured to fight recklessly!
You are too injured to fight recklessly!
You hit the jelly. The acid corrodes you!
Your hands burn!
The jelly is almost dead.
The jelly hits you. The acid corrodes you!
You are splashed with acid!
The acid burns!
* * * LOW HITPOINT WARNING * * *
You hit the jelly but do no damage. The acid corrodes you!
Your hands burn!
* * * LOW HITPOINT WARNING * * *
The jelly is almost dead.
The jelly hits you.
* * * LOW HITPOINT WARNING * * *
The acid corrodes you!
You are splashed with acid!
The acid burns!
You die...

*,*,* ##############..#### ,,*,*
#...P..÷.)##.......###
,**,*******#.....÷...##)##.##....
,**,,,,,,,*#...P...÷.##.##.##....
,,,,,,,,,,*#..÷PJP...##.##.......
****,,,,,,*#.........##.#####....
*,,,*******#.J..J...J##.#####....
*,*,* *#'#######*#.......###
*,*,* ##.J@..(###.####### ***,*
########(##.# ***,* ***
#....'..###.# #### *,,,***,***
#....#### #.### #...
******,*,,**#...(...# #...# #.#.
##,***,,*#.......# ###.# #...
**#.#* *#,*#.......# #.####...
*,,..###.**#.......# #........
*,,*#.#.#* ##.....## ######...


You could see a jelly.

Vanquished Creatures
  A jelly (D:2)
  A gnoll (D:1)
  An adder (D:2)
  6 oozes
  2 worms (D:2)
  2 giant cockroaches (D:1)
  5 hobgoblins (D:1)
  15 kobolds
  A bat (D:1)
  2 frilled lizards (D:1)
  3 goblins
  2 rats (D:1)
41 creatures vanquished.

Vanquished Creatures (others)
  2 fungi (D:2)
  9 toadstools (D:2)
11 creatures vanquished.

Grand Total: 52 creatures vanquished

Notes
Turn   | Place    | Note
-------+----------+-------------------------------------------
     0 | D:1      | plastic the Barachi Warper began the quest for the Orb.
     0 | D:1      | Reached XP level 1. HP: 17/17 MP: 3/3
   310 | D:1      | Reached XP level 2. HP: 23/23 MP: 5/5
   997 | D:1      | Reached XP level 3. HP: 24/28 MP: 6/6
  1005 | D:1      | Learned a level 2 spell: Blink
  1008 | D:1      | Learned a level 2 spell: Shroud of Golubria
  1012 | D:1      | Learned a level 3 spell: Gell's Gravitas
  2154 | D:2      | Reached XP level 4. HP: 35/35 MP: 1/7
  2164 | D:2      | Found an ancient bone altar of Kikubaaqudgha.
  2309 | D:2      | Splashed by a jelly's acid

Skill      XL: |  1  2  3 |
---------------+----------+-----
Long Blades    | 3 |  3.7
Fighting       | 3 |  3.1
Throwing       | |  1.8
Armour         | |  1.9
Dodging        | |  2.8
Spellcasting   | |  2.5
Translocations | |  3.8

Action                   |  1- 3 |  4- 6 || total
-------------------------+-------+-------++-------
Melee: Falchion          |    99 |    35 ||   134
Throw: Tomahawk          |       |     1 ||     1
 Cast: Shroud of Golubri |     1 |     1 ||     2
       Gell's Gravitas   |     1 |       ||     1
 Abil: Hop               |       |     1 ||     1
  Use: Scroll            |     3 |       ||     3
       Potion            |       |     1 ||     1
  Eat: Chunk             |     3 |       ||     3
       Ration            |       |     1 ||     1
Armor: Leather armour    |    10 |     5 ||    15
       Ring mail         |    11 |     5 ||    16
Dodge: Dodged            |    63 |    21 ||    84
       Rpst.: Falchion   |    20 |     4 ||    24
